AoeStats
← gazza17

Arena

516337301Analyzed
4v4 RM · 9d ago on Oct 25, 2026· 55m 34s· 8 players
Game mode
Random Map
Map size
Large (8 player)
Population
200
Speed
Normal
Resources
Standard
Victory
Conquest
Starting age
Dark Age
Ending age
Imperial Age
RankedLock teamsTeams togetherTeam positionsShared explorationLock speedFull tech treeHidden civsTurbo modeCheats
Victory
Defeat
🇪🇸 Turks · Spain
1100
+16
🇹🇷 Persians · Türkiye
1093
+16
🇳🇴 Khmer · Norway
1081
+17
🇹🇷 Hindustanis · Türkiye
1049
+18
vs
🇺🇸 Shu · United States
1170
-20
🇺🇸 Vikings · United States
1093
-17
🇺🇸 Poles · United States
1063
-15
🇬🇧 Chinese · United Kingdom
1060
-15
torpedojens
11:47 Feudal Age
14:28 Castle Age
12:47 Double-Bit Axe
12:47 Horse Collar
15:25 Loom
20:55 Bow Saw
23:10 Gold Mining
23:10 Stone Mining
24:17 Heavy Plow
25:13 Gold Shaft Mining
25:13 Stone Shaft Mining
25:48 Fervor
27:34 Bloodlines
27:25 Husbandry
26:45 Light Cavalry
28:24 Scale Barding Armor
28:30 Forging
29:46 Wheelbarrow
28:56 Town Watch
29:55 Chain Barding Armor
30:53 Fletching
31:39 Iron Casting
31:50 Iron Casting
34:04 Imperial Age
32:52 Padded Archer Armor
32:48 Bodkin Arrow
34:11 Herbal Medicine
34:11 Hussar
35:29 Plate Barding Armor
35:55 Blast Furnace
35:48 Crop Rotation
36:46 Blast Furnace
36:05 Leather Archer Armor
36:54 Conscription
36:35 Double Crossbow
38:16 Elite Ballista Elephant
39:22 Ballistics
39:27 Bracer
41:09 Hoardings
41:42 Chemistry
41:57 Siege Engineers
43:34 Hand Cart
43:20 Town Patrol
49:20 Ring Archer Armor
Uncle rush 40min
9:05 Loom
11:50 Feudal Age
12:52 Horse Collar
12:59 Double-Bit Axe
17:18 Castle Age
17:31 Bloodlines
17:30 Scale Barding Armor
19:38 Wheelbarrow
22:29 Hand Cart
24:19 Stone Mining
27:10 Fletching
28:23 Gold Mining
28:35 Heavy Plow
28:50 Bow Saw
32:15 Imperial Age
30:53 Gold Shaft Mining
32:01 Husbandry
35:52 Ballistics
38:57 Chain Barding Armor
38:47 Forging
38:33 Bodkin Arrow
39:38 Artillery
Andorra Elturco
7:01 Loom
10:03 Feudal Age
10:32 Double-Bit Axe
16:56 Castle Age
16:55 Wheelbarrow
18:02 Bow Saw
18:43 Scale Barding Armor
19:19 Husbandry
19:38 Gold Mining
20:08 Horse Collar
25:20 Stone Mining
25:59 Bloodlines
37:31 Imperial Age
35:11 Heavy Plow
38:15 Hand Cart
38:05 Scale Mail Armor
38:26 Chain Barding Armor
38:01 Heavy Camel Rider
39:05 Conscription
40:04 Gold Shaft Mining
40:06 Stone Shaft Mining
40:46 Two-Man Saw
40:25 Plate Barding Armor
40:22 Imperial Camel Rider
41:17 Elite Ghulam
42:56 Forging
43:01 Chain Mail Armor
44:47 Chemistry
44:10 Ballistics
46:06 Shatagni
47:11 Iron Casting
47:22 Thumb Ring
51:15 Blast Furnace
50:20 Squires
50:07 Arson
emre_gul19
8:41 Feudal Age
8:33 Loom
9:00 Double-Bit Axe
9:52 Wheelbarrow
17:12 Castle Age
16:22 Stone Mining
16:16 Horse Collar
17:44 Heavy Plow
21:38 Bow Saw
22:37 Hand Cart
23:38 Fletching
23:42 Gold Mining
30:24 Imperial Age
28:12 Padded Archer Armor
28:22 Scale Barding Armor
29:35 Town Watch
30:02 Forging
29:49 Bodkin Arrow
30:44 Gold Shaft Mining
32:31 Two-Man Saw
33:23 Crop Rotation
33:53 Conscription
33:58 Town Patrol
35:14 Chain Barding Armor
35:09 Leather Archer Armor
35:05 Forging
35:02 Kamandaran
37:08 Chemistry
36:19 Thumb Ring
35:35 Crossbowman
36:28 Bodkin Arrow
37:11 Ballistics
38:11 Ring Archer Armor
38:17 Iron Casting
39:43 Plate Barding Armor
40:37 Husbandry
40:48 Bloodlines
40:57 Light Cavalry
45:16 Blast Furnace
43:48 Hussar
gazza17
0:34 Loom
11:26 Feudal Age
12:39 Horse Collar
13:22 Gold Mining
17:20 Castle Age
15:53 Double-Bit Axe
16:22 Fletching
18:51 Bow Saw
18:45 Heavy Plow
23:46 Stone Mining
24:34 Padded Archer Armor
24:48 Crossbowman
27:35 Wheelbarrow
27:16 Pikeman
28:27 Bodkin Arrow
28:55 Ballistics
29:57 Hand Cart
30:09 Leather Archer Armor
29:21 Elite Skirmisher
34:06 Imperial Age
32:02 Scale Mail Armor
32:12 Forging
32:11 Great Wall
33:21 Thumb Ring
33:56 Heated Shot
34:17 Masonry
35:22 Ring Archer Armor
34:57 Bracer
35:27 Ring Archer Armor
34:21 Halberdier
34:25 Arbalester
40:55 Chemistry
40:55 Chain Mail Armor
41:15 Iron Casting
42:03 Conscription
45:47 Blast Furnace
45:17 Plate Mail Armor
46:08 Man-at-Arms
47:09 Long Swordsman
48:08 Two-Handed Swordsman
53:41 Squires
53:30 Arson
Leroy's Death
7:26 Loom
10:21 Feudal Age
10:48 Double-Bit Axe
10:45 Horse Collar
12:17 Stone Mining
17:46 Town Watch
20:26 Castle Age
22:12 Bow Saw
22:01 Fletching
22:12 Treadmill Crane
23:12 Heavy Plow
23:51 Stone Shaft Mining
24:32 Masonry
25:29 Gold Mining
26:04 Bodkin Arrow
26:11 Murder Holes
28:18 Wheelbarrow
29:54 Hand Cart
33:00 Imperial Age
30:36 Town Patrol
31:04 Ballistics
32:12 Szlachta Privileges
33:16 Bloodlines
33:07 Husbandry
33:14 Scale Barding Armor
33:20 Forging
35:00 Chemistry
33:25 Cavalier
34:33 Chain Barding Armor
34:15 Bracer
35:17 Crop Rotation
36:13 Iron Casting
39:15 Hoardings
41:39 Light Cavalry
43:01 Conscription
43:45 Blast Furnace
47:28 Winged Hussar
49:52 Padded Archer Armor
49:56 Elite Skirmisher
50:44 Thumb Ring
53:02 Leather Archer Armor
aSweatyClown
7:32 Loom
11:00 Feudal Age
9:23 Loom
11:11 Feudal Age
12:03 Double-Bit Axe
15:33 Castle Age
13:26 Horse Collar
16:26 Bow Saw
16:31 Fletching
16:22 Crossbowman
22:39 Heavy Plow
23:57 Bodkin Arrow
25:54 Wheelbarrow
26:19 Ballistics
30:25 Imperial Age
29:06 Padded Archer Armor
29:32 Thumb Ring
31:12 Bracer
32:04 Arbalester
33:48 Chemistry
32:54 Siege Engineers
34:08 Conscription
34:13 Gold Mining
34:13 Stone Mining
35:45 Leather Archer Armor
36:37 Two-Man Saw
37:19 Ring Archer Armor
37:21 Bolt Magazine
42:46 Caravan
44:51 Coiled Serpent Array
45:27 Hoardings
44:54 Scale Mail Armor
45:05 Forging
47:42 Pikeman
48:23 Squires
48:40 Chain Mail Armor
48:26 Elite White Feather Guard
50:38 Halberdier
Admiral Ravioli
10:47 Feudal Age
9:38 Loom
14:51 Castle Age
13:31 Horse Collar
14:17 Double-Bit Axe
18:21 Bow Saw
18:33 Heavy Plow
20:16 Stone Mining
20:47 Town Watch
24:27 Squires
30:40 Imperial Age
28:30 Scale Mail Armor
28:14 Pikeman
30:49 Chain Mail Armor
30:44 Forging
30:40 Arson
30:16 Man-at-Arms
31:47 Conscription
32:32 Chieftains
34:02 Plate Mail Armor
34:01 Masonry
35:27 Iron Casting
38:20 Two-Man Saw
37:51 Crop Rotation
38:25 Elite Berserk
41:29 Gold Mining
42:35 Siege Engineers
42:52 Ballistics
43:59 Hoardings
44:25 Blast Furnace
43:35 Fletching
46:50 Long Swordsman
48:50 Block Printing
48:44 Scale Barding Armor
49:15 Gold Shaft Mining
49:38 Elite Varangian Guard
50:05 Two-Handed Swordsman
51:07 Champion
Connection lost

Rejoining the realm…

Still unreachable

The connection could not be restored.

Session expired

The server has moved on; the page needs a fresh start.